 Dungeon Crawl Stone Soup version 0.28-a0-1356-g2ad6d04315 (webtiles) character file.

Game seed: 6618112051028327165

320 wotkd0121004 the Sneak (level 6, -11/36 HPs)
             Began as an Octopode Earth Elementalist on Dec 30, 2021.
             Was an Initiate of Gozag.
             Mangled by Duvessa (19 damage)
             ... on level 4 of the Dungeon.
             The game lasted 00:08:53 (4656 turns).

wotkd0121004 the Sneak (OpEE)                       Turns: 4656, Time: 00:08:53

Health: -11/36     AC:  1    Str:  7    XL:     6   Next: 46%
Magic:  9/11       EV: 14    Int: 19    God:    Gozag
Gold:   112        SH:  0    Dex: 13    Spells: 7/11 levels left

rFire   . . .      SeeInvis .   a - +0 spear
rCold   . . .      Faith    .   p - orb {mayhem}
rNeg    . . .      Spirit   .   (helmet restricted)
rPois   .          Reflect  .   (no amulet)
rElec   .          Harm     .   (no ring)
rCorr   .          Rampage  .   (no ring)
Will    .....                   (no ring)
Stlth   ++........              (no ring)
HPRegen 0.12/turn               (no ring)
MPRegen 0.12/turn               (no ring)
                                (no ring)
                                (no ring)

@: lit by a corona, weak-willed, gold aura, glowing
A: almost no armour, amphibious, 8 rings, camouflage 1, gelatinous body 1,
(nimble swimmer 1), tentacles
a: Renounce Religion, Potion Petition, Call Merchant, Bribe Branch


You were on level 4 of the Dungeon.
You worshipped Gozag.
Gozag was aware of your devotion.
You visited 2 branches of the dungeon, and saw 5 of its levels.

You collected 154 gold pieces.
You paid 42 gold pieces to Gozag.

Inventory:

Hand Weapons
 a - a +0 spear (weapon)
Missiles
 b - 125 stones
 q - 6 atropa-tipped darts
Armour
 p - an orb of mayhem (worn)
Wands
 s - a wand of iceblast (3)
Scrolls
 d - a scroll of fear {unknown}
 e - a scroll of magic mapping {unknown}
 g - a scroll of amnesia
 i - a scroll of brand weapon
 k - a scroll of summoning {unknown}
 m - a scroll of noise {unknown}
 t - a scroll of acquirement {unknown}
Potions
 f - 2 potions of cancellation
 h - a potion of curing {unknown}
 j - 2 potions of lignification
 l - 2 potions of heal wounds
 n - a potion of attraction {unknown}
 o - a potion of degeneration {unknown}


   Skills:
 + Level 3.2 Dodging
 + Level 4.5 Stealth
 * Level 3.4 Spellcasting
 + Level 1.2 Conjurations
 + Level 2.7 Transmutations
 + Level 3.9 Earth Magic


You had 7 spell levels left.
You knew the following spells:

 Your Spells              Type           Power      Damage    Failure   Level
a - Sandblast             Erth           36%        2d10      3%          1
b - Stone Arrow           Conj/Erth      26%        3d8       16%         3

Your spell library contained the following spells:

 Spells                   Type           Power      Damage    Failure   Level
 Passwall                 Tmut/Erth      12%        N/A       5%          2
 Slow                     Hex            12%        N/A       14%         1
 Petrify                  Tmut/Erth      15%        N/A       36%         4
 Confusing Touch          Hex            3%         N/A       41%         3
 Vampiric Draining        Necr           3%         2d6       41%         3


Dungeon Overview and Level Annotations

Branches:
Dungeon (4/15)             Temple (1/1) D:4

Altars:
Cheibriados
Fedhas
Gozag
Hepliaklqana
Kikubaaqudgha
Makhleb
Nemelex Xobeh
Okawaru
Qazlal
Sif Muna
Trog
Uskayaw
Wu Jian
Xom
Yredelemnul
Zin
The Shining One

Shops:
D:1 *[!?*

Annotations:
D:3 1 runed translucent door, Crazy Yiuf
D:4 Duvessa, Pargi


Innate Abilities, Weirdness & Mutations

You cannot wear most types of armour.
You are amphibious.
You can wear up to eight rings at the same time.
Your skin changes colour to match your surroundings (Stealth+).
Your rubbery body absorbs attacks. (AC +1, EV +1)
((You are camouflaged when in or above water. (Stealth+)))
You have tentacles for arms and can constrict up to eight enemies at once.


Message History

The fiery explosion engulfs Duvessa!
Duvessa resists.
Flame seeps out of Duvessa.
Duvessa is severely wounded.
Duvessa is engulfed in blazing flames.
Flame seeps out of Duvessa.
As you read the scroll labelled CEMUAP FOITORI, it crumbles to dust.
It is a scroll of amnesia.
Really abort (and waste the scroll)?
Okay, then.
Duvessa hits you with a +0 short sword!
Edmund says, "I might not be good at magic, but I can still kill you!"
As you read the scroll labelled FOELEX LEXKI, it crumbles to dust.
Magic quickly surges around you.
It was a scroll of vulnerability.
Duvessa hits you with a +0 short sword!
Dowan casts a spell.
Dowan blinks!
Aiming: Iceblast
Press: ? - help, Shift-Dir - straight line The mass of ice explodes!
The iceblast engulfs Dowan!
Flame seeps out of Dowan.
Dowan is severely wounded.
The iceblast engulfs Edmund!
Edmund is moderately wounded.
Duvessa hits you with a +0 short sword!
* * * LOW HITPOINT WARNING * * *
Dowan is engulfed in blazing flames.
Duvessa screams, "No!
How DARE you!"
Duvessa goes berserk!
Dowan explodes!
The fiery explosion engulfs Edmund!!
Edmund is almost dead.
Your Dodging skill increases to level 3!
Your Spellcasting skill increases to level 3!
Edmund is engulfed in blazing flames.
You kill Edmund!
Your Conjurations skill increases to level 1!
You have reached level 6!
Duvessa rages.
Duvessa hits you with a +0 short sword!!
Ouch! That really hurt!
You die...
Your body crumbles into a pile of gold.

..#..##...............#.$###..#.
..#...#..##......#........#T..##.
..#......##.....##...............
.##......##.....###§.T..##.......
##........##.)..##°§....##.#.....
#..#.........$....§§.............
...............[.................
...##....###..............##.....
#.###...........@e...............
### ##........................#..
#............................
###.......................#.. ###
####.......####.##......... ..###
##.......##.......#..##.. ⌠...#
###...........##....#..#... ..#.#
#.............##....)......
.##.###..........................


You could see Duvessa (berserk, inner flame, weak-willed) and Pargi (inner
flame, weak-willed).

Vanquished Creatures
  Edmund (D:4)
  Dowan (D:4)
  A bullfrog skeleton (D:4)
  Jessica (D:3)
  2 adders
  An adder skeleton (D:4)
  A worm (D:4)
  2 dart slugs
  7 orcs (D:3)
  2 bats
  7 endoplasms
  3 giant cockroaches
  8 goblins
  6 hobgoblins
  3 jackals (D:3)
  4 kobolds
  4 quokkas
  6 ball pythons
  2 frilled lizards
  5 rats
67 creatures vanquished.

Vanquished Creatures (others)
  A fungus (D:3)
1 creature vanquished.

Grand Total: 68 creatures vanquished

Notes
Turn   | Place    | Note
-------+----------+-------------------------------------------
     0 | D:1      | wotkd0121004 the Octopode Earth Elementalist began the
                  | quest for the Orb.
     0 | D:1      | Reached XP level 1. HP: 11/11 MP: 3/3
   138 | D:1      | Found Inlick's Magic Scroll Boutique.
   179 | D:1      | Found Ehics's Distillery.
   265 | D:1      | Reached XP level 2. HP: 16/17 MP: 5/5
   271 | D:1      | Reached skill level 3 in Stealth
   521 | D:1      | Found Seohoana's Armour Shoppe.
   533 | D:1      | Found Feckucw's Assorted Antiques.
   619 | D:1      | Found Kaduusk's Assorted Antiques.
  1214 | D:1      | Reached XP level 3. HP: 21/21 MP: 6/6
  1396 | D:1      | Found a faded altar of an unknown god.
  1646 | D:2      | Found an iron altar of Okawaru.
  2613 | D:3      | Noticed Jessica
  2619 | D:3      | Killed Jessica
  2620 | D:3      | Reached XP level 4. HP: 27/27 MP: 3/7
  2701 | D:3      | Noticed an ogre
  2739 | D:3      | Found an ancient bone altar of Kikubaaqudgha.
  3047 | D:3      | Reached skill level 4 in Stealth
  3252 | D:3      | Learned a level 3 spell: Stone Arrow
  3624 | D:3      | Found a runed translucent door.
  3625 | D:3      | Noticed Crazy Yiuf
  3650 | D:3      | Found a sparkling altar of Nemelex Xobeh.
  3822 | D:3      | Reached XP level 5. HP: 26/31 MP: 7/9
  4250 | D:4      | Noticed Edmund
  4384 | D:4      | Noticed Duvessa
  4384 | D:4      | Noticed Dowan
  4384 | D:4      | Noticed Pargi
  4452 | D:4      | Found a staircase to the Ecumenical Temple.
  4461 | Temple   | Entered the Ecumenical Temple
  4525 | Temple   | Became a worshipper of Gozag Ym Sagoz the Greedy
  4654 | D:4      | Killed Dowan
  4655 | D:4      | Killed Edmund
  4656 | D:4      | Reached skill level 1 in Conjurations
  4656 | D:4      | Reached XP level 6. HP: 7/36 MP: 9/11
  4656 | D:4      | Mangled by Duvessa

Illustrated notes

Levels and vault maps discovered:
D:1:      dpeg_arrival_water_temple_mockup, layout_loops_corners,
          hellmonk_ecumenical_altar_prayer_group, serial_shops, shop,
          nicolae_shop_waterfront, shop_statue, nicolae_shop_overgrown_old_shop,
          shop, serial_bayou_pond_d
D:2:      layout_basic, basic_altar
D:3:      layout_basic, kiku_gazebo_pond_becter, lemuel_tele_altar,
          corexii_shack, chequers_serial_rivers_room_b, minmay_diced_spiral,
          uniq_jessica, uniq_crazy_yiuf_cottage
D:4:      layout_cave_pools, minmay_temple_entry_nine_rooms, kennysheep_nub,
          uniq_duvessa, uniq_edmund, uniq_pargi
Temple:   jpeg_temple_clearing

Skill      XL: |  1  2  3  4  5 |
---------------+----------------+-----
Stealth        | 3 4 |  4.5
Transmutations | 2 |  2.7
Dodging        | 3 |  3.2
Spellcasting   | 3 |  3.4
Conjurations   | 1 |  1.2
Earth Magic    | |  3.9

Action                   |  1- 3 |  4- 6 || total
-------------------------+-------+-------++-------
Melee: Spear             |    78 |    50 ||   128
       Tentacles         |    14 |     7 ||    21
       Constrict         |    12 |    10 ||    22
 Cast: Sandblast         |    10 |    23 ||    33
Evoke: Wand              |       |     2 ||     2
  Use: Scroll            |     3 |     5 ||     8
 Stab: Sleeping          |    14 |     5 ||    19
       Distracted        |       |     1 ||     1
Armor: Skin              |     4 |     2 ||     6
Dodge: Dodged            |    34 |    42 ||    76

Table legend: (Time is in decaauts)
 A = Elapsed time spent in this place.
 B = Non-inter-level travel time spent in this place.
 C = Inter-level travel time spent in this place.
 D = Time resting spent in this place.
 E = Time spent auto-exploring this place.
 F = Levels seen in this place.
 G = Mean time per level.
                   A        B        C        D        E       F      G
               +--------+--------+--------+--------+--------+-----+--------+
         Total |   4667 |   4542 |    125 |    470 |   3228 |   5 |  933.4 |
       Dungeon |   4585 |   4460 |    125 |    470 |   3184 |   4 | 1146.2 |
        Temple |     82 |     82 |      0 |      0 |     44 |   1 |   82.0 |
               +--------+--------+--------+--------+--------+-----+--------+

Top non-repeatable levels by time:
     D:1: 1610 daAuts
     D:3: 1486 daAuts
     D:2: 998 daAuts
     D:4: 489 daAuts
  Temple: 82 daAuts
